AoeStats
← | ArCas | Ahsoka Tano

Arena

508975146Analyzed
4v4 RM · 7d ago on Sep 24, 2026· 17m 9s· 8 players
Game mode
Random Map
Map size
Large (8 player)
Population
200
Speed
Normal
Resources
Standard
Victory
Conquest
Starting age
Dark Age
Ending age
Imperial Age
RankedLock teamsTeams togetherTeam positionsShared explorationLock speedFull tech treeHidden civsTurbo modeCheats
Victory
Defeat
🇦🇷 Bohemians · Argentina
1407
+10
🇦🇷 Saxons · Argentina
1338
+13
🇦🇷 Mongols · Argentina
1292
+15
🇦🇷 Varangians · Argentina
1226
+18
🇲🇽 Georgians · Mexico
1320
-16
🇺🇸 Turks · United States
1274
-14
🇵🇾 Burgundians · Paraguay
1270
-14
🇨🇴 Poles · Colombia
1214
-12
Shotzsik
10:50 Loom
12:36 Feudal Age
15:12 Double-Bit Axe
18:16 Castle Age
DANICW82
10:50 Feudal Age
14:33 Castle Age
12:49 Double-Bit Axe
13:06 Horse Collar
13:50 Fletching
karv.oficial
10:17 Feudal Age
11:08 Double-Bit Axe
12:36 Loom
17:15 Castle Age
15:01 Horse Collar
16:23 Stone Mining
aaaaaaa
12:43 Feudal Age
17:05 Castle Age
14:53 Double-Bit Axe
14:52 Horse Collar
| ArCas | MaxiBosch
10:12 Feudal Age
13:40 Castle Age
13:15 Scale Mail Armor
13:26 Forging
14:04 Loom
14:05 Town Watch
14:31 Squires
16:32 Gambesons
| ArCas | Ahsoka Tano
9:54 Feudal Age
13:32 Castle Age
11:23 Loom
12:30 Double-Bit Axe
13:46 Gold Mining
15:40 Fletching
| ArCas | Sir.Ichiro
10:11 Feudal Age
14:20 Castle Age
12:53 Loom
16:28 Double-Bit Axe
16:26 Horse Collar
| ArCas | El BrancaS
10:34 Feudal Age
14:24 Castle Age
12:18 Double-Bit Axe
12:35 Horse Collar
16:47 Fletching
Connection lost

Rejoining the realm…

Still unreachable

The connection could not be restored.

Session expired

The server has moved on; the page needs a fresh start.